 Dungeon Crawl Stone Soup version 0.19.0-24-gb05acd6 (console) character file.

2 Jesseh the Sneak (level 1, 0/9 HPs)
             Began as a Spriggan Enchanter on Nov 22, 2016.
             Slain by an ooze (1 damage)
             ... on level 1 of the Dungeon.
             The game lasted 00:00:43 (92 turns).

Jesseh the Sneak (Spriggan Enchanter)                 Turns: 92, Time: 00:00:43

Health: 0/9        AC:  3    Str:  4    XL:     1   Next: 33%
Magic:  5/5        EV: 18    Int: 16    God:
Gold:   12         SH:  0    Dex: 16    Spells: 1 memorised, 4 levels left

rFire  . . .     SeeInvis +     a - +1 dagger
rCold  . . .     Gourm    .     b - +1 robe
rNeg   . . .     Faith    .     (shield restricted)
rPois  .         Spirit   .     (helmet restricted)
rElec  .         Reflect  .     (no cloak)
rCorr  .         Harm     .     (gloves unavailable)
MR     .....                    (boots unavailable)
Stlth  +++.......               (no amulet)
                                (no ring)
                                (no ring)

@: very quick
A: unfitting armour, see invisible, herbivore 3, speed 3, slow metabolism 2
a: no special abilities


You were on level 1 of the Dungeon.
You were not hungry.

You visited 1 branch of the dungeon, and saw 1 of its levels.

You collected 12 gold pieces.

Inventory:

Hand Weapons
 a - a +1 dagger (weapon)
Armour
 b - a +1 robe (worn)
Potions
 e - a potion of invisibility {unknown}
Books
 c - a book of Maledictions
Comestibles
 d - a bread ration


   Skills:
 - Level 1.1 Short Blades
 - Level 3.0 Dodging
 - Level 4.4 Stealth
 + Level 2.8 Spellcasting
 + Level 3.7 Hexes


You had 4 spell levels left.
You knew the following spells:

 Your Spells              Type           Power        Failure   Level  Hunger
a - Corona                Hex            ##.....      6%          1    #......


Dungeon Overview and Level Annotations

Branches:
Dungeon (1/15)

Altars:


Innate Abilities, Weirdness & Mutations

You are very small and have problems with some larger weapons.
You are too small for most types of armour.
You have supernaturally acute eyesight. (SInv)
You are a herbivore.
You cover ground extremely quickly.
You need consume almost no food.


Message History

Welcome, Jesseh the Spriggan Enchanter.
Will you be the one to retrieve the fabulous Orb of Zot from the depths?
Found a grey potion and 12 gold pieces.
Found a staircase leading out of the dungeon.
Currently training: Spellcasting(2.6), Hexes(3.6).
Choose a target skill level:
e - a grey potion You now have 12 gold pieces.
You see here 17 sling bullets.
A bat comes into view.
Found an escape hatch in the floor.
A goblin and a dart slug come into view.
You hit the bat. The bat hits you but does no damage.
The dart slug launches a dart at you. The slug dart misses you.
The bat barely misses you.
You see here a ring mail.
You hit the bat.
You kill the bat!
You hit the dart slug but do no damage. The dart slug completely misses you.
You hit the dart slug but do no damage. You hit the dart slug but do no damage.
The dart slug closely misses you.
You hit the dart slug but do no damage. The dart slug launches a dart at you.
The slug dart hits you!
Ouch! That really hurt!
You hit the dart slug. You hit the dart slug. The dart slug misses you.
You hit the dart slug. The dart slug launches a dart at you.
The slug dart misses you.
You barely miss the dart slug. You hit the dart slug but do no damage.
The goblin shouts!
The dart slug launches a dart at you. The slug dart misses you.
You hit the dart slug.
The dart slug bites you but does no damage.
You hit the dart slug. The goblin closely misses you.
You hit the dart slug. The dart slug launches a dart at you.
The slug dart misses you. The goblin barely misses you.
You hit the dart slug but do no damage. The goblin misses you.
The dart slug launches a dart at you. The slug dart hits you!
* * * LOW HITPOINT WARNING * * *
A goblin comes into view. It is wielding a dagger.
A kobold comes into view. It is wielding a short sword.
The goblin shouts!
You hear a shout! x2
The goblin closely misses you.
A hobgoblin comes into view.
An ooze comes into view.
The goblin barely misses you.
A kobold comes into view.
The kobold completely misses you.
You see here a ring mail.
You hit the kobold.
You kill the kobold!
You hit the hobgoblin. The hobgoblin misses you.
You closely miss the hobgoblin. The hobgoblin completely misses you.
You hit the hobgoblin.
The hobgoblin hits you but does no damage.
You hit the hobgoblin.
You kill the hobgoblin!
You hit the ooze. The ooze hits you but does no damage.
You hit the ooze. You hit the ooze. The ooze hits you but does no damage.
You barely miss the ooze. The ooze hits you.
You die...

. ▒.▒ .. ▒.▒
€.▒▒J▒ ▒▒▒ ....
...
..▒▒▒▒▒J▒▒▒▒▒▒▒▒
..)g............
▒......K...K..▒
▒▒▒▒▒▒▒▒▒g▒▒▒▒....
▒iJg▒▒▒▒▒.▒▒ ▒▒▒▒.
▒▒▒.....▒..▒ ▒
▒▒▒▒▒..▒.▒▒▒▒▒
▒........▒
▒........▒
▒........▒
▒▒▒▒▒▒▒▒▒▒


You could see an ooze and a goblin.

Vanquished Creatures
  A hobgoblin (D:1)
  A bat (D:1)
  A kobold (D:1)
3 creatures vanquished.

Notes
Turn   | Place    | Note
-------+----------+-------------------------------------------
     0 | D:1      | Jesseh the Spriggan Enchanter began the quest for the Orb.
     0 | D:1      | Reached XP level 1. HP: 9/9 MP: 5/5
    45 | D:1      | HP: 1/9 [dart slug/slug dart (4)]
    92 | D:1      | Slain by an ooze

Action                   || total
-------------------------++-------
Melee: Dagger            ||    24
Armor: Robe              ||     5
Dodge: Dodged            ||    16

Vault maps used:
D:1:      eino_arrival_cavern_a

Table legend:
 A = Turns spent in this place as a percentage of turns spent in the entire game.
 B = Non-inter-level travel turns spent in this place as a percentage of non-inter-level travel turns spent in the entire game.
 C = Inter-level travel turns spent in this place as a percentage of turns spent in this place.
 D = Turns resting spent in this place as a percentage of non-inter-level travel turns spent in this place.
 E = Turns spent auto-exploring this place as a percentage of non-inter-level travel turns spent in this place.
 F = Non-inter-level travel turns spent in this place divided by the number of levels of this place that you've seen.
                   A       B       C       D       E      F
               +-------+-------+-------+-------+-------+----------------------
         Total | 100.0 | 100.0 |   0.0 |   0.0 |   2.8 |  71.0
       Dungeon | 100.0 | 100.0 |   0.0 |   0.0 |   2.8 |  71.0
               +-------+-------+-------+-------+-------+----------------------

Table legend:
 A = Kills in this place as a percentage of kills in entire the game.
 B = Kills by you in this place as a percentage of kills by you in the entire game.
 C = Kills by friends in this place as a percentage of kills by friends in the entire game.
 D = Other kills in this place as a percentage of other kills in the entire game.
 E = Experience gained in this place as a percentage of experience gained in the entire game.
 F = Experience gained in this place divided by the number of levels of this place that you have seen.
                   A       B       C       D       E      F
               +-------+-------+-------+-------+-------+----------------------
         Total | 100.0 | 100.0 |  -nan |  -nan | 100.0 |   4.0
       Dungeon | 100.0 | 100.0 |  -nan |  -nan | 100.0 |   4.0
               +-------+-------+-------+-------+-------+----------------------
